 Dungeon Crawl Stone Soup version 0.29.1-2-gbd0b4ee654 (webtiles) character file.

Game seed: 6670013449831331800

21 WillowTheWall the Sneak (level 2, -12/13 HPs)
             Began as a Spriggan Conjurer on Nov 2, 2022.
             Mangled by Crazy Yiuf
             ... wielding a +2 quarterstaff of chaos
              (15 damage)
             ... on level 2 of the Dungeon.
             The game lasted 00:03:49 (913 turns).

WillowTheWall the Sneak (Spriggan Conjurer)          Turns: 913, Time: 00:03:50

Health: -12/13     AC:  2    Str:  3    XL:     2   Next: 65%
Magic:  0/6        EV: 17    Int: 19    God:
Gold:   52         SH:  0    Dex: 13    Spells: 3/6 levels left

rFire   . . .      SeeInvis +   c - +0 dagger
rCold   . . .      Faith    .   (no shield)
rNeg    . . .      Spirit   .   a - +0 robe
rPois   .          Reflect  .   (helmet restricted)
rElec   .          Harm     .   (no cloak)
rCorr   .          Rampage  .   (gloves unavailable)
Will    .....                   (boots unavailable)
Stlth   ++........              (no amulet)
HPRegen 0.04/turn               (no ring)
MPRegen 0.10/turn               (no ring)

@: very quick
A: very small, no large weapons, unfitting armour, see invisible, speed 3
a: no special abilities


You were on level 2 of the Dungeon.
You visited 1 branch of the dungeon, and saw 2 of its levels.

You collected 52 gold pieces.

Inventory:

Hand Weapons
 c - a +0 dagger (weapon)
Armour
 a - a +0 robe (worn)
Scrolls
 e - a scroll of immolation {unknown}
 f - a scroll of summoning {unknown}
 g - a scroll of fear {unknown}
 h - 2 scrolls of poison {unknown}
 i - a scroll of blinking {unknown}
 k - a scroll of magic mapping {unknown}
Potions
 b - 2 potions of magic
 d - a potion of heal wounds {unknown}
 j - a potion of lignification {unknown}


   Skills:
 + Level 0.6 Short Blades
 + Level 2.9 Dodging
 + Level 3.2 Stealth
 + Level 2.9 Spellcasting
 * Level 3.2 Conjurations
 + Level 0.6 Evocations


You had 3 spell levels left.
You knew the following spells:

 Your Spells              Type           Power      Damage    Failure   Level
a - Magic Dart            Conj           60%        1d6       4%          1
b - Searing Ray           Conj           30%        2d5       6%          2

Your spell library contained the following spells:

 Spells                   Type           Power      Damage    Failure   Level
 Dazzling Flash           Conj/Hex       18%        N/A       24%         3
 Fulminant Prism          Conj/Hex       4%         3d6       61%         4
 Iskenderun's Mystic Bla  Conj/Tloc      9%         2d4       61%         4


Dungeon Overview and Level Annotations

Branches:
Dungeon (2/15)

Altars:

Annotations:
D:2 Crazy Yiuf


Innate Abilities, Weirdness & Mutations

You are very small and have problems with some larger weapons.
You are too small for most types of armour.
You have supernaturally acute eyesight. (SInv)
You cover ground extremely quickly. (Speed+++)


Message History

Your magical contamination has completely faded away.
There is an open door here.
You close the door.
You start resting.
Crazy Yiuf the Enlightened opens the door.
He is wielding a +2 quarterstaff of chaos.
Casting: Searing Ray (safe; 6% risk of failure)
Confirm with . or Enter, or press ? or * to list all spells.
You can't see any susceptible monsters within range! (Use Z to cast anyway.)
Casting: Searing Ray (safe; 6% risk of failure)
Confirm with . or Enter, or press ? or * to list all spells.
Aiming: Searing Ray (safe; 6% risk of failure)
Press: ? - help, Shift-Dir - straight line, f/p - Crazy Yiuf
Aim: Crazy Yiuf, wielding a +2 quarterstaff of chaos and wearing a +0 cloak (heavily wounded, 79% to hit)
The searing ray hits Crazy Yiuf.
Crazy Yiuf is heavily wounded. (Press . to maintain the ray.) Without enough magic to sustain it, your searing ray dissipates.
Casting: Searing Ray (safe; 6% risk of failure)
Confirm with . or Enter, or press ? or * to list all spells.
Aiming: Magic Dart (safe; 4% risk of failure)
Press: ? - help, Shift-Dir - straight line, f/p - Crazy Yiuf
Aim: Crazy Yiuf, wielding a +2 quarterstaff of chaos and wearing a +0 cloak (heavily wounded, 100% to hit)
The magic dart hits Crazy Yiuf.
Crazy Yiuf is severely wounded.
Crazy Yiuf misses you.
You hit Crazy Yiuf but do no damage.
Crazy Yiuf is severely wounded.
Crazy Yiuf closely misses you.
You hit Crazy Yiuf but do no damage.
Crazy Yiuf is severely wounded.
Crazy Yiuf screams, "Cake!
You infinity wrapper."
Crazy Yiuf hits you with a +2 quarterstaff of chaos!
Ouch! That really hurt!
* * * LOW HITPOINT WARNING * * *
You hit Crazy Yiuf.
Crazy Yiuf is almost dead.
Crazy Yiuf says, "Seed disdain pizzabubble!"
Crazy Yiuf hits you with a +2 quarterstaff of chaos!
Ouch! That really hurt!
You die...

#.##.#.## ##.....## #
#.###.## ##...## #.#
### ##'## #.#
###.###### ####.###
#........# #......#
#.#.####.#
#.##.#.###### #....##
#
#........###.....##.
#.......@g...........
#.#.####.###.#.####.#
#.#.####.# #.### #
#........# #..
....###### #### #####


You could see Crazy Yiuf.

Vanquished Creatures
  A ball python (D:1)
  3 endoplasms (D:1)
  3 hobgoblins (D:1)
  2 bats (D:1)
  2 frilled lizards (D:1)
  4 goblins (D:1)
  2 kobolds (D:1)
  3 rats (D:1)
20 creatures vanquished.

Notes
Turn   | Place    | Note
-------+----------+-------------------------------------------
     0 | D:1      | WillowTheWall the Spriggan Conjurer began the quest for the
                  | Orb.
     0 | D:1      | Reached XP level 1. HP: 9/9 MP: 5/5
   256 | D:1      | Reached XP level 2. HP: 13/13 MP: 1/6
   266 | D:1      | Learned a level 2 spell: Searing Ray
   863 | D:2      | Found a runed translucent door.
   864 | D:2      | Noticed Crazy Yiuf
   913 | D:2      | Mangled by Crazy Yiuf

Illustrated notes

Levels and vault maps discovered:
D:1:      dpeg_arrival_rhombi, layout_rooms
D:2:      layout_loops_corners, amcnicky_mini_rare_corridor_liquid, uniq_robin,
          uniq_crazy_yiuf_cottage, uniq_sigmund

Skill      XL: |  1 |
---------------+----+-----
Conjurations   | 3 |  3.2
Short Blades   | |  0.6
Dodging        | |  2.9
Stealth        | |  3.2
Spellcasting   | |  2.9
Evocations     | |  0.6

Action                   || total
-------------------------++-------
Melee: Dagger            ||     7
 Cast: Magic Dart        ||    32
       Searing Ray       ||     3
 Stab: Sleeping          ||     1
Dodge: Dodged            ||     4
